Unix NetHack Version 3.7.0-89 Work-in-progress - last build Oct 29 2023 02:39:45 (20cca84197b74dff38aa9bb07c633f6875ef724d,branch:master). Game began 2023-10-31 21:14:00, ended 2023-10-31 21:49:26. BeanNighe, neutral male human Tourist ------------- ------ ........>...| |.....# |...a.......| |....|## |...a@......| |>...| ### ####............| |....| # # -------.----- |....-################# ## |....| # ----------## # ------ ##|........-## # #|.......^|####---------# #|........| # #........-#####0 -|--.----- #-........| |.......| # .........+ ---------- |.......| ######## |........| |.._....-# ####.........| --------- |......<.| |........| |........| ---------- BeanNighe the Sightseer St:14 Dx:11 Co:15 In:11 Wi:14 Ch:13 Neutral Dlvl:4 $:418 HP:0(39) Pw:28(28) AC:9 Xp:5/243 T:6126 Latest messages: Shadowman drops a thonged club. Shadowman misses mgm7734's ghost. Shadowman misses mgm7734's ghost. It misses mgm7734's ghost. It misses mgm7734's ghost. You miss mgm7734's ghost. It misses mgm7734's ghost. The gnome hits! The arrow misses mgm7734's ghost. An arrow misses you. It misses mgm7734's ghost. You kill the gnome! Mgm7734's ghost touches you! It misses mgm7734's ghost. It misses mgm7734's ghost. You can't go up here. You swap places with Lucey. L - a yellowish brown gem. N - 3 lichen corpses. There is a branch staircase up to the Dungeons of Doom here. There are many more objects here. You hear some noises. Lucey is still eating. You climb up the stairs. You hear someone counting gold coins. You hear some noises in the distance. You hear some noises in the distance. You hear some noises in the distance. You hear some noises in the distance. You hear some noises in the distance. You are beginning to feel weak. You stop searching. What do you want to eat? [b-dgnGMNR or ?*] This food really hits the spot! You finish eating the food ration. You stop searching. You are hit by a rock. S - a black gem. You hit the giant ant. The giant ant bites! The giant ant bites! You miss the giant ant. The giant ant bites! The giant ant bites! You miss the giant ant. The giant ant bites! The giant ant bites! The giant ant bites! The giant ant bites! You die... Inventory: Coins ('$') $ - 418 gold pieces Weapons (')') v - 2 uncursed +0 ya a - a blessed +2 dart x - a blessed +2 dart K - 9 blessed +0 darts u - 2 uncursed +0 orcish daggers A - the uncursed rustproof +0 Vorpal Blade (weapon in hand) Armor ('[') o - an uncursed +0 orcish helm (being worn) Z - an uncursed +0 orcish helm r - a blessed +0 pair of fumble boots k - an uncursed +0 Hawaiian shirt with a toucan motif (being worn) Comestibles ('%') G - an uncursed haggis R - an uncursed candy bar labeled "Nilla Crunchie" c - 4 uncursed food rations d - an uncursed fortune cookie g - 2 uncursed tins of pickled kobold meat b - 3 uncursed eggs M - an uncursed egg n - 2 uncursed lichen corpses N - 3 cursed lichen corpses Scrolls ('?') T - an uncursed scroll of charging I - a blessed scroll of confuse monster J - an uncursed scroll of destroy armor P - an uncursed scroll of enchant armor y - an uncursed scroll of identify j - a blessed scroll of magic mapping i - 3 uncursed scrolls of magic mapping Spellbooks ('+') U - an uncursed spellbook of polymorph Potions ('!') h - an uncursed potion of extra healing Q - an uncursed potion of fruit juice D - an uncursed potion of hallucination W - an uncursed potion of healing X - an uncursed potion of speed Rings ('=') C - an uncursed ring of free action F - an uncursed +1 ring of protection Wands ('/') p - an uncursed wand of striking (0:1) Tools ('(') t - an uncursed blindfold m - an uncursed credit card l - an uncursed expensive camera (0:51) Gems/Stones ('*') L - a cursed amber stone S - an uncursed worthless piece of black glass Y - an uncursed worthless piece of violet glass s - an uncursed worthless piece of yellowish brown glass BeanNighe the Tourist's attributes: Background: You were a Sightseer, a level 5 male human Tourist. You were neutral, on a mission for The Lady who was opposed by Blind Io (lawful) and Offler (chaotic). You were in the Dungeons of Doom, on level 4. You entered the dungeon 6126 turns ago. There was a full moon in effect when your adventure ended. You had 243 experience points, 77 more were needed to attain level 6. Basics: You had 0 out of 39 hit points. You had all 28 energy points (spell power). Your armor class was 9. Your wallet contained 418 zorkmids. Autopickup was on for '$?!"=/*', with exceptions. Final Characteristics: Your strength was 14 (limit:18/100). Your dexterity was 11 (limit:18). Your constitution was 15 (limit:18). Your intelligence was 11 (limit:18). Your wisdom was 14 (limit:18). Your charisma was 13 (limit:18). Final Status: You weren't hungry. You were unencumbered. You were wielding a long sword. You were unskilled in long sword. Final Attributes: You were piously aligned. You aggravated monsters. You were lucky. The Lady was angry with you. You are dead. Miscellaneous: You encountered 1 bones level. Total elapsed playing time was 35 minutes and 26 seconds. Major events: Turn 1: BeanNighe the neutral male human Tourist entered the dungeon 1616: attained the rank of Sightseer (level 3) 5583: was bestowed with Vorpal Blade by The Lady 5999: entered the Gnomish Mines 6126: killed by a giant ant Vanquished creatures: a shrieker 2 elf zombies a straw golem 3 giant ants 2 floating eyes a kobold leader 3 hill orcs 3 rothes 2 dwarf zombies a wererat 2 werejackals 2 iguanas 4 acid blobs 2 coyotes a gas spore a hobbit a hobgoblin 7 giant rats 5 cave spiders a yellow mold 3 red molds 6 gnomes 13 garter snakes 2 gnome zombies 4 geckos 30 jackals a fox 2 kobolds 7 goblins 6 grid bugs a bat 4 lichens 3 kobold zombies 9 newts 136 creatures vanquished. No species were genocided or became extinct. Voluntary challenges: You followed a strict vegan diet. You read items or engraved 2 times. You engraved Elbereth 1 time. You never genocided any monsters. You never polymorphed an object. You used no wishes. Achievements: You attained the rank of Sightseer. You entered a shop. You entered the Gnomish Mines. The Dungeons of Doom: levels 1 to 4 Level 1: A grave. Level 2: An altar to The Lady. Level 3: A general store, an altar to The Lady, a fountain. Level 4: <- You were here. An altar. Stairs down to The Gnomish Mines. Final resting place for you, killed by a giant ant. The Gnomish Mines: Level 5: Final resting place for mgm7734-Arc-Hum-Fem-Law, killed by an arrow. Game over: ---------- / \ / REST \ / IN \ / PEACE \ / \ | BeanNighe | | 418 Au | | killed by a | | giant ant | | | | | | 2023 | *| * * * | * _________)/\\_//(\/(/\)/\//\/|_)_______ Aloha BeanNighe the Tourist... You died in The Dungeons of Doom on dungeon level 4 with 1172 points, and 418 pieces of gold, after 6126 moves. You were level 5 with a maximum of 39 hit points when you died.